 Dungeon Crawl Stone Soup version 0.31-a0-960-g0fca184906 (webtiles) character file.

Game seed: 15220594991475415421

7522 GordonOverkill the Cleaver (level 11, -1/64 HPs)
             Began as a Tengu Delver on Oct 23, 2023.
             Was a High Priest of Sif Muna.
             Slain by a flayed ghost (15 damage)
             ... on level 8 of the Dungeon.
             The game lasted 00:24:03 (9504 turns).

GordonOverkill the Cleaver (Tengu Delver)           Turns: 9504, Time: 00:24:04

Health: -1/64      AC: 11    Str: 13    XL:     11   Next: 16%
Magic:  22/22      EV: 16    Int: 15    God:    Sif Muna [*****.]
Gold:   1449       SH:  0    Dex: 15    Spells: 18/24 levels left

rFire   . . .        a - +6 hand axe (flame)
rCold   + . .        (no shield)
rNeg    . . .        B - +2 robe {rC+}
rPois   .            (helmet restricted)
rElec   .            x - +1 cloak
rCorr   .            C - +0 pair of gloves
SInv    .            (boots unavailable)
Will    .....        w - amulet of faith
Stlth   +++          n - ring of wizardry
HPRegen 0.30/turn    s - +4 ring of protection
MPRegen 0.18/turn

%: acrobat, faith, wizardry (x1)
@: flayed, flying
A: beak, talons 3, evasive flight, acrobatic
a: Renounce Religion, Channel Magic, Forget Spell, Divine Exegesis


You were on level 8 of the Dungeon.
You worshipped Sif Muna.
Sif Muna was extremely pleased with you.
You visited 2 branches of the dungeon, and saw 9 of its levels.
You also visited: Bailey.

You collected 1449 gold pieces.

Inventory:

Hand Weapons
 a - a +6 hand axe of flaming (weapon)
 m - a +4 broad axe of flaming
Missiles
 y - a curare-tipped dart
 z - 12 boomerangs
 A - 13 poisoned darts (quivered)
Armour
 x - a +1 cloak (worn)
 B - a +2 robe of cold resistance (worn)
 C - a +0 pair of gloves (worn)
Jewellery
 n - a ring of wizardry (left hand)
 s - a +4 ring of protection (right hand)
 w - an amulet of faith (around neck)
Wands
 e - a wand of paralysis (7)
 g - a wand of digging (2)
 i - a wand of mindburst (1)
Scrolls
 c - 5 scrolls of fog
 d - 2 scrolls of revelation
 j - a scroll of immolation
 k - a scroll of butterflies
 l - 3 scrolls of teleportation
 p - 2 scrolls of identify
 t - 2 scrolls of fear
Potions
 b - a potion of brilliance {unknown}
 f - 2 potions of haste
 h - 2 potions of might
 o - a potion of enlightenment
 q - 2 potions of invisibility
 r - 2 potions of heal wounds
 u - 4 potions of curing
 v - 2 potions of ambrosia
 E - a potion of mutation {unknown}
Miscellaneous
 H - a phantom mirror


   Skills:
 - Level 6.0 Fighting
 - Level 3.0 Short Blades
 - Level 8.0 Axes
 - Level 2.0 Throwing
 - Level 2.1 Dodging
 - Level 5.0 Stealth
 - Level 7.0 Spellcasting
 + Level 7.5 Ice Magic
 - Level 5.0 Invocations
 - Level 6.0 Evocations


You had 18 spell levels left.
You knew the following spells:

 Your Spells              Type           Power      Damage    Failure   Level
a - Frozen Ramparts       Ice            54%        1d9       1%          3
b - Ozocubu's Armour      Ice            27%        N/A       1%          3

Your spell library contained the following spells:

 Spells                   Type           Power      Damage    Failure   Level
 Summon Small Mammal      Summ           20%        N/A       5%          1
 Call Imp                 Summ           10%        N/A       9%          2
 Call Canine Familiar     Summ           5%         N/A       16%         3
 Summon Guardian Golem    Hex/Summ       5%         N/A       16%         3
 Metabolic Englaciation   Hex/Ice        8%         N/A       30%         5
 Simulacrum               Ice/Necr       8%         N/A       83%         6
 Malign Gateway           Summ/Tloc      2%         N/A       100%        7


Dungeon Overview and Level Annotations

Branches:
Dungeon (8/15)             Temple (1/1) D:5          Bailey (visited)
   Lair: D:8-11

Altars:
Ashenzari
Cheibriados
Dithmenos
Elyvilon
Fedhas
Gozag
Hepliaklqana
Kikubaaqudgha
Makhleb
Nemelex Xobeh
Okawaru
Qazlal
Ru
Sif Muna
Trog
Uskayaw
Vehumet
Wu Jian
Xom
Yredelemnul
Zin
The Shining One

Shops:
D:8 *


Innate Abilities, Weirdness & Mutations

You have a beak for a mouth.
You have claws for feet.
Your magical flight helps you evade attacks. (EV +4)
You can magically evade attacks while moving or waiting.


Message History

There is an open door here.
Could not explore, unopened runed door.
Could not explore, unopened runed door.
Could not explore, unopened runed door.
You reach down and open the door.
The flayed ghost cries, "Suffer as I suffered!"
Terrible wounds open up all over your body!
The flayed ghost completely misses you.
There is an open translucent door here.
You slash the flayed ghost! You burn the flayed ghost.
Your peck misses the flayed ghost.
The flayed ghost is lightly damaged.
The flayed ghost hits you.
You barely miss the flayed ghost. Your kick misses the flayed ghost.
You peck the flayed ghost.
The flayed ghost is moderately damaged.
The flayed ghost cries, "Suffer as I suffered!"
Terrible wounds spread across more of your body!
* * * LOW HITPOINT WARNING * * *
You closely miss the flayed ghost.
The flayed ghost is lightly damaged.
The flayed ghost hits you!!
* * * LOW HITPOINT WARNING * * *
You closely miss the flayed ghost. You claw the flayed ghost.
Your peck misses the flayed ghost.
The flayed ghost is moderately damaged.
The flayed ghost hits you but does no damage.
You closely miss the flayed ghost. You claw the flayed ghost!
The flayed ghost is moderately damaged.
The flayed ghost hits you but does no damage.
You miss the flayed ghost.
The flayed ghost is moderately damaged.
The flayed ghost barely misses you.
You completely miss the flayed ghost. Your kick misses the flayed ghost.
The flayed ghost is moderately damaged.
The flayed ghost misses you.
You slash the flayed ghost! You burn the flayed ghost.
The flayed ghost is heavily damaged.
The flayed ghost hits you!
You die...

##...##.##..###...###..##.##...##
#.....###..##.......##..###.....#
#.._...†....+..._...'....'......#
#.....###..##.......##..###.....#
##...##.##..###...###..##.##...##
#####...'#..###'###..#'†..#####
### #.⌠.###.........###._.# #.#
#...###'##8.8##'###...# #.#
##.###...##@##...###.####
#.########).⌠..#W#.._..#####.#
#...#.#####...##.##...###.##.#
###.#....######))}######..##.#
#.####.# #########.##.##.# #.#
#.# ##.........##.##.# #.#
##.####.#......####.##.#
#.###.#.##.###.##.#####.##.####
#.##.###..## ##................


You could see a flayed ghost.

Vanquished Creatures
  An orc warlord (Bailey)
  An orc knight (Bailey)
  Pikel (D:4)
  Grinder (D:4)
  A shadow (D:8)
  4 wraiths (D:8)
  A fire bat (D:8)
  6 yaks (D:8)
  2 steam dragons
  2 water moccasins
  A sky beast (D:7)
  A black bear (D:7)
  6 orc warriors (Bailey)
  2 ogres
  2 centaurs
  2 kobold brigands
  A bullfrog (D:7)
  6 scorpions
  8 wights
  2 howler monkeys (D:3)
  5 jellies
  5 hounds
  A gnoll bouda (D:3)
  3 orc priests
  2 sleepcaps (D:5)
  4 iguanas
  Crazy Yiuf (D:5)
  Ijyb (D:4)
  6 orc wizards
  33 gnolls
  10 adders
  A white imp (D:7)
  2 ufetubi (D:5)
  2 worms
  3 dart slugs
  43 orcs
  19 bats
  4 endoplasms
  2 giant cockroaches (D:1)
  15 goblins
  11 hobgoblins
  14 jackals
  4 quokkas
  7 ball pythons
  13 frilled lizards
  5 kobolds
  3 rats (D:3)
270 creatures vanquished.

Notes
Turn   | Place    | Note
-------+----------+-------------------------------------------
     0 | D:5      | GordonOverkill the Tengu Delver began the quest for the
                  | Orb.
     0 | D:5      | Reached XP level 1. HP: 14/14 MP: 2/2
    36 | D:6      | Noticed a jelly
   126 | D:5      | Reached XP level 2. HP: 6/19 MP: 2/4
   212 | D:5      | Found a staircase to the Ecumenical Temple.
   231 | D:5      | Reached skill level 1 in Spellcasting
   270 | Temple   | Entered the Ecumenical Temple
   285 | Temple   | Became a worshipper of Sif Muna the Loreminder
   344 | D:4      | Noticed a lemure
   344 | D:4      | Noticed a lemure
   344 | D:4      | Noticed Pikel
   443 | D:3      | Reached XP level 3. HP: 12/23 MP: 4/6
   724 | D:1      | Reached skill level 1 in Axes
   826 | D:1      | Reached * piety under Sif Muna
   839 | D:1      | Found a faded altar of an unknown god.
  1160 | D:2      | Reached skill level 2 in Axes
  1160 | D:2      | Reached XP level 4. HP: 28/28 MP: 7/7
  1846 | D:2      | Reached skill level 3 in Axes
  2296 | D:3      | Reached XP level 5. HP: 32/32 MP: 8/8
  2345 | D:3      | Reached ** piety under Sif Muna
  2599 | D:3      | Reached skill level 4 in Axes
  2697 | D:3      | Noticed a kobold brigand
  2711 | D:3      | Killed a kobold brigand
  2712 | D:3      | Reached skill level 5 in Axes
  2712 | D:3      | Reached XP level 6. HP: 30/37 MP: 8/10
  3002 | D:3      | Reached *** piety under Sif Muna
  3129 | D:3      | Reached skill level 5 in Fighting
  3129 | D:3      | Gained mutation: Your magical flight helps you evade
                  | attacks. (EV +4) [Tengu growth]
  3129 | D:3      | Reached XP level 7. HP: 40/44 MP: 11/11
  3272 | D:3      | Reached skill level 1 in Invocations
  3593 | D:4      | Noticed Ijyb
  3598 | D:4      | Killed Ijyb
  3651 | D:4      | Found a sparkling altar of Nemelex Xobeh.
  3656 | D:4      | Found a burning altar of Makhleb.
  3705 | D:4      | Noticed Grinder
  3710 | D:4      | Paralysed by Grinder for 4 turns
  3717 | D:4      | Killed Grinder
  3826 | D:4      | Reached XP level 8. HP: 45/49 MP: 13/13
  3901 | D:4      | Killed Pikel
  3902 | D:4      | Reached skill level 5 in Spellcasting
  4659 | D:5      | Reached **** piety under Sif Muna
  4675 | D:5      | Reached skill level 5 in Invocations
  4675 | D:5      | Reached XP level 9. HP: 54/54 MP: 17/17
  4830 | D:5      | Found a snail-covered altar of Cheibriados.
  5082 | D:5      | Found a runed translucent door.
  5083 | D:5      | Noticed Crazy Yiuf
  5088 | D:5      | Killed Crazy Yiuf
  6096 | D:7      | Found a bloodstained altar of Trog.
  6115 | D:7      | Found a flagged portal.
  6138 | D:7      | Reached ***** piety under Sif Muna
  6158 | D:7      | Reached skill level 5 in Evocations
  6165 | Bailey   | Entered a bailey
  6585 | Bailey   | Reached XP level 10. HP: 55/60 MP: 21/21
  6644 | Bailey   | Noticed an orc warlord
  6669 | Bailey   | Killed an orc warlord
  6670 | Bailey   | Reached skill level 6 in Axes
  6670 | Bailey   | Reached skill level 7 in Axes
  6748 | Bailey   | Identified the of Ryaczucs (Sif Muna gifted it to you in a
                  | bailey)
  6748 | Bailey   | Received a gift from Sif Muna
  6756 | Bailey   | Learned a level 3 spell: Frozen Ramparts
  6940 | Bailey   | Noticed an orc knight
  6956 | Bailey   | Killed an orc knight
  6957 | Bailey   | Reached skill level 8 in Axes
  7075 | Bailey   | Acquired 771 gold pieces
  7201 | D:7      | Found an iron altar of Okawaru.
  7271 | D:7      | Found an opulent altar of Gozag.
  7338 | D:7      | Found a radiant altar of Vehumet.
  7398 | D:7      | Found a shimmering altar of Xom.
  7399 | D:7      | Found a hazy altar of Hepliaklqana.
  7399 | D:7      | Noticed a caustic shrike
  7400 | D:7      | Noticed a spectral ugly thing
  7400 | D:7      | Noticed a caustic shrike
  7728 | D:7      | Noticed a skeletal warrior
  8382 | D:8      | Found Gorhava's Neck Hole.
  8499 | D:8      | Found a runed translucent door.
  8517 | D:8      | Reached skill level 5 in Ice Magic
  8579 | D:8      | Found a shadowy altar of Dithmenos.
  8592 | D:8      | Found a broken altar of Ashenzari.
  8602 | D:8      | Found a snail-covered altar of Cheibriados.
  8628 | D:8      | Reached XP level 11. HP: 27/64 MP: 18/22
  8759 | D:8      | Found a burning altar of Makhleb.
  8906 | D:8      | Found a hide-covered altar of Uskayaw.
  8943 | D:8      | Found a bloodstained altar of Trog.
  8993 | D:8      | Received a gift from Sif Muna
  9013 | D:8      | Learned a level 3 spell: Ozocubu's Armour
  9014 | D:8      | Found a hide-covered altar of Uskayaw.
  9491 | D:8      | Noticed a flayed ghost
  9504 | D:8      | Slain by a flayed ghost

Illustrated notes

Levels and vault maps discovered:
D:1:      lemuel_arrival_muddy, layout_rooms,
          hellmonk_ecumenical_altar_lost_god, minmay_lizard_king
D:2:      layout_basic
D:3:      lemuel_castle_with_subvaults [lemuel_castle_interior_carwin_3],
          layout_basic, minivault_23, grunt_ministairs_5
D:4:      layout_basic, grunt_temple_overflow_open, uniq_grinder, uniq_pikel,
          uniq_ijyb
D:5:      minmay_razor_zed, layout_rooms, mainiacjoe_overflow_alcove_1,
          minmay_temple_entry_tees, uniq_crazy_yiuf_cottage
D:6:      nicolae_cairo_tiling_very_big, layout_gridville
D:7:      cheibrodos_two_vegetables, layout_basic,
          regret_index_temple_of_mockery, nicolae_vehumet_altar_sigil,
          mainiacjoe_overflow_catch_the_wave, nicolae_gozag_seed_capital,
          enter_bailey_5
D:8:      due_megacathedral, layout_loops_ring, kennysheep_mini, special_room
          [special_room_orc], nicolae_shop_sticking_my_neck_out
Temple:   nicolae_temple_bog_church

Skill      XL: |  1  2  3  4  5  6  7  8  9 10 11 |
---------------+----------------------------------+-----
Short Blades   | 3 |  3.0
Spellcasting   | 1 2 3 5 7 |  7.0
Axes           | 2 3 5 8 |  8.0
Fighting       | 5 6 |  6.0
Invocations    | 2 5 |  5.0
Throwing       | 2 |  2.0
Evocations     | 2 3 6 |  6.0
Ice Magic      | 6 7 |  7.5
Dodging        | |  2.1
Stealth        | |  5.0

Action                     |  1- 3 |  4- 6 |  7- 9 | 10-12 || total
---------------------------+-------+-------+-------+-------++-------
  Melee: Short sword       |    39 |       |       |       ||    39
         Peck              |    16 |    15 |    54 |    43 ||   128
         Kick              |    20 |    28 |    78 |    96 ||   222
         Hand axe          |    50 |   135 |   249 |   235 ||   669
         Punch             |     1 |       |     3 |     5 ||     9
  Throw: Dart              |       |       |     7 |    30 ||    37
         Boomerang         |       |       |     9 |     1 ||    10
   Cast: Frozen Ramparts   |       |       |       |     3 ||     3
         Ozocubu's Armour  |       |       |       |     1 ||     1
  Evoke: Wand              |     1 |       |    11 |     7 ||    19
    Use: Scroll            |     2 |       |    15 |     6 ||    23
         Potion            |       |       |     1 |       ||     1
   Stab: Sleeping          |     3 |     7 |     6 |     3 ||    19
         Distracted        |     1 |       |       |     1 ||     2
         Paralysed         |       |       |     6 |     3 ||     9
 Armour: Leather armour    |    46 |    63 |    71 |       ||   180
         Robe              |       |       |    34 |    93 ||   127
  Dodge: Dodged            |    70 |    85 |   180 |   138 ||   473

Table legend: (Time is in decaauts)
 A = Elapsed time spent in this place.
 B = Non-inter-level travel time spent in this place.
 C = Inter-level travel time spent in this place.
 D = Time resting spent in this place.
 E = Time spent auto-exploring this place.
 F = Levels seen in this place.
 G = Mean time per level.
                   A        B        C        D        E       F      G
               +--------+--------+--------+--------+--------+-----+--------+
         Total |   9545 |   8994 |    551 |   1978 |   4239 |  10 |  954.5 |
       Dungeon |   8527 |   8001 |    526 |   1586 |   4192 |   8 | 1065.9 |
        Temple |     30 |      6 |     24 |      0 |      0 |   1 |   30.0 |
        Bailey |    987 |    987 |      0 |    392 |     47 |   1 |  987.0 |
               +--------+--------+--------+--------+--------+-----+--------+

Top non-repeatable levels by time:
     D:3: 1551 daAuts
     D:8: 1236 daAuts
     D:7: 1218 daAuts
     D:2: 1015 daAuts
     D:5: 992 daAuts
  Bailey: 987 daAuts
     D:6: 972 daAuts
     D:4: 942 daAuts
     D:1: 597 daAuts
  Temple: 30 daAuts
